 Dungeon Crawl Stone Soup version 0.31-a0-983-g7b6862f502 (webtiles) character file.

Game seed: 6244951924638881622

285 lunkers the Insei (level 5, -1/39 HPs)
             Began as a Demigod Shapeshifter on Nov 2, 2023.
             Slain by a white imp (4 damage)
             ... summoned by Eustachio
             ... on level 4 of the Dungeon.
             The game lasted 00:06:15 (2297 turns).

lunkers the Insei (Demigod Shapeshifter)            Turns: 2297, Time: 00:06:16

Health: -1/39      AC:  5    Str: 15      XL:     5   Next: 79%
Magic:  0/7        EV: 11    Int: 12      God:
Gold:   137        SH:  0    Dex: 16 (17) Spells: 4/4 levels left

rFire   . .          .
                       - Unarmed
rCold   . . .        (no shield)
rNeg    . . .        s - +0 ring mail
rPois   .            (helmet currently unavailable)
rElec   .            (cloak currently unavailable)
rCorr   .            (gloves currently unavailable)
SInv    .            (boots currently unavailable)
Will    .....        g - amulet of guardian spirit
Stlth   +            (no ring)
HPRegen 0.26/turn    (no ring)
MPRegen 0.10/turn

%: guardian spirit
@: beast-form
A: beast (slay +2), high MP 1, forlorn, divine attributes
a: Begin Untransformation


You were on level 4 of the Dungeon.
You were a hulking beast.
You visited 1 branch of the dungeon, and saw 4 of its levels.

You collected 137 gold pieces.

Inventory:

Armour
 a - a +0 animal skin
 s - a +0 ring mail (worn)
Jewellery
 g - an amulet of guardian spirit (around neck)
Talismans
 c - a beast talisman
 d - a flux talisman
Scrolls
 b - a scroll of teleportation {unknown}
 e - a scroll of revelation {unknown}
 i - a scroll of enchant armour {unknown}
 k - a scroll of identify {unknown}
 l - a scroll of noise {unknown}
 o - 2 scrolls of immolation {unknown}
 q - a scroll of fog {unknown}
Potions
 f - a potion of haste {unknown}
 h - a potion of enlightenment {unknown}
 j - a potion of curing {unknown}
 m - a potion of heal wounds {unknown}
 n - 2 potions of mutation {unknown}
 p - a potion of degeneration {unknown}
 r - a potion of might {unknown}


   Skills:
 - Level 0.8 Fighting
 - Level 1.7 Dodging
 * Level 5.3 Unarmed Combat
 + Level 4.0 Shapeshifting


You had 4 spell levels left.
You didn't know any spells.
Your spell library contained the following spells:

 Spells                   Type           Power      Damage    Failure   Level
 Ozocubu's Armour         Ice            0%         N/A       89%         3
 Ozocubu's Refrigeration  Ice            0%         4d7       100%        7
 Chain Lightning          Conj/Air       0%         N/A       100%        9
 Fire Storm               Conj/Fire      0%         5d1       100%        9
 Shatter                  Erth           0%         3d5*      100%        9


Dungeon Overview and Level Annotations

Branches:
Dungeon (4/15)
 Temple: D:4-7

Annotations:
D:3 exclusion: oklob plant
D:4 Eustachio


Innate Abilities, Weirdness & Mutations

You are a hulking beast.
Your limbs bulge with bestial killing power. (Slay +2)
You have an increased reservoir of magic. (+10% MP)
You shall have no god before yourself.
Your divine heritage dramatically boosts your attributes as you level up.


Message History

Okay, then.
Okay, then.
You hit Eustachio.
Eustachio is severely wounded.
Eustachio mumbles some strange words.
You hit Eustachio.
Eustachio is severely wounded.
Eustachio gestures wildly while chanting.
Eustachio blinks!
Eustachio gestures wildly while chanting.
The shadow imp disappears in a puff of smoke!
The iron imp hits you but does no damage.
Eustachio hits you with a +0 rapier.
* * * LOW HITPOINT WARNING * * *
The white imp gestures at you. The puff of frost hits you.
* * * LOW HITPOINT WARNING * * *
Unknown command.
You closely miss Eustachio.
Eustachio is severely wounded.
Eustachio completely misses you. The iron imp hits you.
* * * LOW MAGIC WARNING * * *
* * * LOW HITPOINT WARNING * * *
You barely miss Eustachio.
Eustachio is severely wounded.
The white imp gestures at you. The puff of frost hits you!
* * * LOW HITPOINT WARNING * * *
Eustachio misses you.
You barely miss Eustachio.
Eustachio is severely wounded.
The quasit bites you but does no damage.
The quasit claws you.
* * * LOW HITPOINT WARNING * * *
You feel clumsy. The quasit completely misses you. The white imp hits you.
* * * LOW MAGIC WARNING * * *
* * * LOW HITPOINT WARNING * * *
The white imp freezes you.
You die...

#.........#....##..
##....###...##....####
.?.... #...##...... #
#....# #...##.......
#....# #...###......
#...§#.#...###......
#..$.#.#...........
#####..5@5.#.#.#.######
#......5h# #.#.#.#
#........# #.#.#.#
#.....#)## #.#...#
#.....#.####.#####
#.....#..........#
#.....######.###.#
###### #.# #)♣♣♣♣♣♣♣♣
#.# #♣..≈≈≈§§. #.#
♣†≈§§§§.≈


You could see Eustachio, an iron imp (summoned), a quasit (summoned) and a white
imp (summoned).

Vanquished Creatures
  2 scorpions
  An orc wizard (D:3)
  3 gnolls (D:4)
  3 adders
  3 worms
  5 dart slugs
  4 orcs (D:3)
  4 bats
  8 endoplasms
  6 giant cockroaches
  4 goblins
  6 hobgoblins
  6 kobolds
  6 ball pythons
  2 frilled lizards
  8 rats
71 creatures vanquished.

Notes
Turn   | Place    | Note
-------+----------+-------------------------------------------
     0 | D:1      | lunkers the Demigod Shapeshifter began the quest for the
                  | Orb.
     0 | D:1      | Reached XP level 1. HP: 15/15 MP: 3/3
    84 | D:1      | Reached skill level 3 in Unarmed Combat
   155 | D:1      | Reached XP level 2. HP: 21/22 MP: 4/4
   595 | D:2      | Reached XP level 3. HP: 26/27 MP: 3/5
  1176 | D:3      | Noticed a scorpion
  1183 | D:3      | Killed a scorpion
  1184 | D:3      | Reached skill level 4 in Unarmed Combat
  1184 | D:3      | Reached XP level 4. HP: 14/34 MP: 6/6
  1406 | D:3      | Reached XP level 5. HP: 36/39 MP: 7/7
  1653 | D:3      | Noticed an oklob plant
  1825 | D:4      | Reached skill level 5 in Unarmed Combat
  2264 | D:4      | Noticed Eustachio
  2297 | D:4      | Slain by a white imp

Illustrated notes

Levels and vault maps discovered:
D:1:      amcnicky_arrival_abandoned_market, layout_basic
D:2:      layout_loops_ring, basic_altar
D:3:      layout_loops_ring, tgw_fedhas, minmay_stone_trees_medium,
          corexii_item_surrounded_by_moat
D:4:      layout_basic, mainiacjoe_overflow_paths, uniq_eustachio

Skill      XL: |  1  2  3  4  5 |
---------------+----------------+-----
Unarmed Combat | 3 4 5 |  5.3
Shapeshifting  | 3 4 |  4.0
Fighting       | |  0.8
Dodging        | |  1.7

Action                     |  1- 3 |  4- 6 || total
---------------------------+-------+-------++-------
  Melee: Unarmed           |   130 |    99 ||   229
         Punch             |     4 |     5 ||     9
    Use: Potion            |     1 |       ||     1
   Stab: Sleeping          |     3 |     4 ||     7
         Distracted        |     1 |       ||     1
 Armour: Animal skin       |    68 |    27 ||    95
         Skin              |     1 |       ||     1
         Ring mail         |       |    22 ||    22
  Dodge: Dodged            |    80 |    37 ||   117

Table legend: (Time is in decaauts)
 A = Elapsed time spent in this place.
 B = Non-inter-level travel time spent in this place.
 C = Inter-level travel time spent in this place.
 D = Time resting spent in this place.
 E = Time spent auto-exploring this place.
 F = Levels seen in this place.
 G = Mean time per level.
                   A        B        C        D        E       F      G
               +--------+--------+--------+--------+--------+-----+--------+
         Total |   2280 |   2279 |      1 |     40 |   1700 |   4 |  570.0 |
       Dungeon |   2280 |   2279 |      1 |     40 |   1700 |   4 |  570.0 |
               +--------+--------+--------+--------+--------+-----+--------+

Top non-repeatable levels by time:
     D:3: 775 daAuts
     D:2: 571 daAuts
     D:4: 560 daAuts
     D:1: 373 daAuts
